 Dungeon Crawl Stone Soup version 0.27.1-33-g824d729ab1 (webtiles) character file.

Game seed: 15059861976865500420

1507 McKennaii the Conjurer (level 8, -1/85 HPs)
             Began as a White Draconian Conjurer on Dec 3, 2021.
             Succumbed to a killer bee's poison
             ... on level 7 of the Dungeon.
             The game lasted 00:08:51 (6014 turns).

McKennaii the Conjurer (White Draconian Conjurer)   Turns: 6014, Time: 00:08:52

Health: -1/85      AC:  6    Str:  9    XL:     8   Next: 53%
Magic:  16/26      EV: 13    Int: 21    God:
Gold:   74         SH:  0    Dex: 10    Spells: 12/19 levels left

rFire    + . .     SeeInvis .   x - +3 halberd (protect)
rCold    + . .     Faith    .   (shield currently unavailable)
rNeg     . . .     Spirit   .   (armour unavailable)
rPois    .         Reflect  .   (helmet restricted)
rElec    .         Harm     .   (no cloak)
rCorr    .         Rampage  .   (no gloves)
Will     .....                  (no boots)
Stlth    ..........             (no amulet)
HPRegen  0.24/turn              j - ring of protection from fire
MPRegen  0.20/turn              l - ring of magical power

@: berserking, lethally poisoned (-1 -> -5), weak-willed, very quick
A: breathe frost, AC +6, unfitting armour, cold resistance 1, cold-blooded
a: Breathe Frost


You were on level 7 of the Dungeon.
You visited 2 branches of the dungeon, and saw 7 of its levels.

You collected 186 gold pieces.
You spent 112 gold pieces at shops.

Inventory:

Hand Weapons
 x - a +3 halberd of protection (weapon)
Missiles
 w - a throwing net
Jewellery
 j - a ring of protection from fire (left hand)
 l - a ring of magical power (right hand)
Wands
 n - a wand of flame (13)
 p - a wand of mindburst (5)
Scrolls
 b - 4 scrolls of identify
 f - 2 scrolls of noise
 q - a scroll of magic mapping
Potions
 k - a potion of invisibility {unknown}
 m - a potion of mutation {unknown}
 r - a potion of degeneration {unknown}
 t - a potion of resistance {unknown}
 u - 2 potions of haste {unknown}
 v - a potion of brilliance {unknown}


   Skills:
 + Level 5.9 Dodging
 - Level 1.7 Stealth
 - Level 6.0 Spellcasting
 - Level 7.0 Conjurations
 - Level 2.0 Translocations


You had 12 spell levels left.
You knew the following spells:

 Your Spells              Type           Power      Damage    Failure   Level
a - Magic Dart            Conj           100%       1d8       1%          1
b - Searing Ray           Conj           70%        3d5       1%          2
c - Iskenderun's Mystic   Conj/Tloc      25%        2d7       16%         4

Your spell library contained the following spells:

 Spells                   Type           Power      Damage    Failure   Level
 Dazzling Flash           Conj/Hex       42%        N/A       7%          3
 Sublimation of Blood     Necr           3%         N/A       14%         2
 Wereblood                Tmut           6%         N/A       14%         2
 Fulminant Prism          Conj/Hex       10%        3d9       22%         4
 Summon Hydra             Summ           3%         N/A       100%        7


Dungeon Overview and Level Annotations

Branches:
Dungeon (5/15)             Temple (1/1) D:4

Altars:
Ashenzari
Cheibriados
Dithmenos
Elyvilon
Fedhas
Gozag
Hepliaklqana
Kikubaaqudgha
Makhleb
Nemelex Xobeh
Okawaru
Qazlal
Ru
Sif Muna
Trog
Uskayaw
Vehumet
Wu Jian
Xom
Zin
The Shining One

Shops:
D:2 *


Innate Abilities, Weirdness & Mutations

You can breathe waves of freezing cold which knock back foes.
Your icy white scales are hard. (AC +6)
You cannot fit into any form of body armour.
Your flesh is cold resistant. (rC+)
You are cold-blooded and may be slowed by cold attacks.


Message History

The killer bee closely misses you.
Unknown command.
Unknown command.
This is a scroll of acquirement!
Something appears at your feet!
You feel sick. The killer bee closely misses you. The killer bee stings you.
* * * LOW HITPOINT WARNING * * *
You are lethally poisoned!
The killer bee poisons you!
The killer bee stings you but does no damage.
Unknown command.
Unknown command.
It was a potion of berserk rage.
A red film seems to cover your vision as you go berserk!
You feel yourself moving faster!
You feel mighty!
* * * LOW HITPOINT WARNING * * *
You feel very sick. The killer bee misses you. The killer bee stings you.
* * * LOW HITPOINT WARNING * * *
The gnoll hits you but does no damage.
The jackal bites you but does no damage.
The killer bee stings you but does no damage.
The gnoll hits you but does no damage.
A gnoll comes into view. It is wielding a +0 whip.
You miss the jackal.
You feel yourself speed up.
* * * LOW HITPOINT WARNING * * *
You feel sick. The killer bee completely misses you.
The jackal bites you but does no damage.
The killer bee completely misses you. The gnoll closely misses you.
The jackal closely misses you. The killer bee stings you.
* * * LOW HITPOINT WARNING * * *
You closely miss the jackal.
* * * LOW HITPOINT WARNING * * *
You feel sick. The killer bee barely misses you. The jackal bites you.
* * * LOW HITPOINT WARNING * * *
The gnoll hits you but does no damage. The killer bee closely misses you.
The jackal closely misses you.
You barely miss the jackal.
You die...

*,,,,,,,,..............
*,*...,,,*#............
*,,...,,**#.........#**
***,..,,**#........####
#*,..,,,*##.#..y..'...
#.,#.,,**#........'...
#..#.,,,*###..†)))†...
##...h##.,*##....)†####
***#....g@##.##..K.K)..###
*,......##y#..#..)KK......
*,#....,#.yyK.#...###.....
*,....,.h.KKK.).y)........
*,.....h###K.....#†#.##...
*,.g...#**##.....#K...##.#
*,...h.',,,##...#........#
*,,...,',,,*#.....####...#
*,,.h,,',,,*#...#.# ***...


You could see 3 killer bees, 2 gnolls, a jackal (weak-willed) and 5 kobolds.

Vanquished Creatures
  Pikel (D:4)
  Sigmund (D:4)
  A steam dragon (D:4)
  A black bear (D:7)
  A wolf (D:7)
  A lemure (D:4)
  A kobold brigand (D:7)
  A howler monkey (D:7)
  A bullfrog zombie (D:7)
  2 hounds (D:7)
  An iguana (D:4)
  Natasha (thrice) (D:3)
  3 orc wizards (D:4)
  13 gnolls
  A howler monkey skeleton (D:3)
  4 adders
  2 worms (D:2)
  4 dart slugs
  4 orcs (D:4)
  5 ball pythons
  5 endoplasms
  A giant cockroach (D:3)
  11 goblins
  5 hobgoblins
  6 jackals
  7 quokkas
  6 bats
  5 frilled lizards
  7 kobolds
  3 rats
107 creatures vanquished.

Notes
Turn   | Place    | Note
-------+----------+-------------------------------------------
     0 | D:1      | McKennaii the Draconian Conjurer began the quest for the
                  | Orb.
     0 | D:1      | Reached XP level 1. HP: 14/14 MP: 3/3
   423 | D:1      | Reached XP level 2. HP: 20/20 MP: 3/5
  1120 | D:1      | Reached XP level 3. HP: 26/26 MP: 2/7
  2015 | D:2      | Found Depnud's Assorted Antiques.
  2074 | D:2      | Bought a brown potion for 20 gold pieces
  2074 | D:2      | Bought a scroll labelled LAEVAM NOEPS for 23 gold pieces
  2074 | D:2      | Bought a scroll labelled EXOMAT SOFACI for 23 gold pieces
  2297 | D:2      | Reached skill level 5 in Conjurations
  2399 | D:2      | Reached XP level 4. HP: 33/33 MP: 2/8
  3380 | D:3      | Noticed Natasha
  3383 | D:3      | Killed Natasha
  3384 | D:3      | Reached XP level 5. HP: 34/38 MP: 5/9
  3513 | D:3      | Noticed Natasha
  3522 | D:3      | Killed Natasha
  3854 | D:3      | Learned a level 2 spell: Searing Ray
  3859 | D:3      | Learned a level 4 spell: Iskenderun's Mystic Blast
  3982 | D:3      | Found a faded altar of an unknown god.
  4076 | D:2      | Bought a scroll labelled RAPNISHOTRO for 23 gold pieces
  4076 | D:2      | Bought a scroll labelled RAPNISHOTRO for 23 gold pieces
  4233 | D:3      | Noticed Natasha
  4238 | D:3      | Killed Natasha
  4245 | D:3      | Reached skill level 6 in Conjurations
  4575 | D:4      | Noticed a steam dragon
  4583 | D:4      | Killed a steam dragon
  4584 | D:4      | Reached XP level 6. HP: 38/45 MP: 10/10
  4677 | D:4      | Noticed Pikel
  4704 | D:4      | Killed Pikel
  4705 | D:4      | Reached skill level 7 in Conjurations
  4705 | D:4      | Reached skill level 5 in Spellcasting
  4705 | D:4      | Your scales start taking on an icy white colour.
  4705 | D:4      | Reached XP level 7. HP: 44/50 MP: 12/15
  4705 | D:4      | Gained mutation: Your flesh is cold resistant. (rC+) [White
                  | Draconian growth]
  4866 | D:4      | Found a staircase to the Ecumenical Temple.
  4909 | Temple   | Entered the Ecumenical Temple
  5266 | D:4      | Noticed Sigmund
  5279 | D:4      | Killed Sigmund
  5518 | D:4      | Reached XP level 8. HP: 32/57 MP: 17/17
  5822 | D:5      | Entered Level 5 of the Dungeon
  5836 | D:5      | You fall into a shaft and drop 2 floors!
  5934 | D:7      | Reached skill level 5 in Dodging
  6010 | D:7      | Identified a scroll of acquirement
  6010 | D:7      | Acquired 961 gold pieces
  6012 | D:7      | HP: 4/85 [killer bee (2)]
  6013 | D:7      | HP: 1/85 [jackal (2)]
  6014 | D:7      | Succumbed to a killer bee's poison

Illustrated notes

Levels and vault maps discovered:
D:1:      elethiomel_arrival_infinity_welcomes_careful_drivers,
          layout_loops_corners, minivault_4, kennysheep_another_room,
          minmay_misc_feat_enclosed, grunt_decor_fettered
D:2:      layout_basic, serial_shops, nicolae_shop_overgrown_old_shop
D:3:      layout_loops_ring, chequers_ecumenical_altar_lobes, uniq_natasha
D:4:      layout_gridville, minmay_temple_entry_statues,
          minmay_stone_trees_medium, st_stairs_13, item_on_display_a,
          uniq_pikel, uniq_sigmund
D:5:      layout_basic
D:7:      layout_cave_pools, serial_gnoll_camp, gnoll_camp_mini_loothouse,
          gnoll_camp_mini_hut, gnoll_camp_mini_doghouse,
          gnoll_camp_mini_doghouse, gnoll_camp_mini_house, gnoll_camp_mini_hut,
          minmay_strange_pillars, minmay_misc_feat_square, moated_statue,
          minmay_misc_feat_iff, amethyst_killhole
Temple:   kilobyte_greek_temple

Skill      XL: |  1  2  3  4  5  6  7  8 |
---------------+-------------------------+-----
Spellcasting   | 3 5 6 |  6.0
Conjurations   | 5 6 7 |  7.0
Dodging        | 2 3 5 |  5.9
Translocations | 2 |  2.0
Stealth        | |  1.7

Action                   |  1- 3 |  4- 6 |  7- 9 || total
-------------------------+-------+-------+-------++-------
Melee: Unarmed           |    69 |       |       ||    69
       Tailslap          |     4 |       |     5 ||     9
       Whip              |       |       |    15 ||    15
       Halberd           |       |       |    26 ||    26
 Cast: Magic Dart        |    95 |    93 |    49 ||   237
       Searing Ray       |       |     3 |     5 ||     8
       Iskenderun's Myst |       |       |     4 ||     4
 Abil: Breathe Frost     |       |       |     3 ||     3
  Use: Scroll            |       |       |     8 ||     8
       Potion            |       |       |     5 ||     5
Armor: Skin              |    45 |     4 |    54 ||   103
Dodge: Dodged            |    66 |    15 |    85 ||   166
